AoeStats
← dashygo

Fortress

507429058Analyzed
2v2 RM · 13d ago on Sep 18, 2026· 21m 10s· 4 players
Game mode
Random Map
Map size
Normal (6 player)
Population
200
Speed
Normal
Resources
Standard
Victory
Conquest
Starting age
Dark Age
Ending age
Imperial Age
RankedLock teamsTeams togetherTeam positionsShared explorationLock speedFull tech treeHidden civsTurbo modeCheats
Victory
Defeat
🇲🇽 Vikings · Mexico
996
+14
🇺🇸 Mongols · United States
992
+14
🇹🇼 Italians · Taiwan
951
-14
🇹🇼 Poles · Taiwan
949
-14
dashygo
8:52 Feudal Age
10:15 Loom
12:34 Castle Age
10:22 Horse Collar
10:43 Double-Bit Axe
14:41 Wheelbarrow
15:06 Loom
16:00 Heavy Plow
身上必須帶刺
5:17 Loom
5:55 Loom
8:28 Feudal Age
7:02 Loom
7:57 Loom
9:16 Double-Bit Axe
12:22 Castle Age
10:56 Loom
12:15 Loom
12:35 Loom
17:24 Imperial Age
15:33 Bow Saw
16:25 Loom
16:38 Horse Collar
17:10 Fletching
17:20 Padded Archer Armor
20:24 Wheelbarrow
Rafartegames
6:51 Feudal Age
11:21 Castle Age
10:03 Double-Bit Axe
10:06 Horse Collar
groot915
0:35 Loom
7:55 Feudal Age
12:23 Horse Collar
15:05 Castle Age
14:42 Double-Bit Axe
17:01 Bow Saw
17:00 Padded Archer Armor
16:53 Fletching
19:16 Heavy Plow
Connection lost

Rejoining the realm…

Still unreachable

The connection could not be restored.

Session expired

The server has moved on; the page needs a fresh start.